 Dungeon Crawl Stone Soup version 0.31-a0-496-g6f97920a28 (webtiles) character file.

Game seed: 7749537851546566118

112 randomguy2701 the Stinger (level 4, -3/27 HPs)
             Began as an Octopode Venom Mage on Aug 8, 2023.
             Slain by an orc priest
             ... wielding a +0 club
              (5 damage)
             ... on level 3 of the Dungeon.
             The game lasted 00:02:38 (1679 turns).

randomguy2701 the Stinger (Octopode Venom Mage)     Turns: 1679, Time: 00:02:39

Health: -3/27      AC:  1    Str:  7    XL:     4   Next: 95%
Magic:  4/16       EV: 13    Int: 19    God:
Gold:   148        SH:  0    Dex: 12    Spells: 7/8 levels left

rFire   . . .        (no weapon)
rCold   . . .        (no shield)
rNeg    . . .        (helmet restricted)
rPois   .            (no amulet)
rElec   .            f - ring of magical power
rCorr   .            (no ring)
SInv    .            (no ring)
Will    .....        (no ring)
Stlth   +++          (no ring)
HPRegen 0.24/turn    (no ring)
MPRegen 0.15/turn    (no ring)
                     (no ring)

%: no passive effects
@: no status effects
A: almost no armour, amphibious, 8 rings, camouflage 1, gelatinous body 1,
(nimble swimmer 1), tentacles
a: no special abilities


You were on level 3 of the Dungeon.
You visited 1 branch of the dungeon, and saw 3 of its levels.

You collected 148 gold pieces.

Inventory:

Jewellery
 f - a ring of magical power (left tentacle)
 m - a +4 ring of slaying
Scrolls
 c - a scroll of enchant weapon {unknown}
 d - a scroll of fear {unknown}
 e - 3 scrolls of identify {unknown}
 h - a scroll of revelation {unknown}
 j - a scroll of fog {unknown}
 k - 2 scrolls of poison {unknown}
Potions
 a - a potion of magic
 b - a potion of invisibility {unknown}
 g - a potion of enlightenment {unknown}
 i - 2 potions of curing {unknown}
 l - a potion of brilliance {unknown}


   Skills:
 + Level 0.1 Fighting
 + Level 2.0 Dodging
 + Level 3.7 Stealth
 + Level 0.2 Unarmed Combat
 + Level 2.6 Spellcasting
 + Level 2.5 Transmutations
 + Level 4.7 Poison Magic


You had 7 spell levels left.
You knew the following spells:

 Your Spells              Type           Power      Damage    Failure   Level
a - Sting                 Tmut/Pois      64%        1d6       3%          1

Your spell library contained the following spells:

 Spells                   Type           Power      Damage    Failure   Level
 Poisonous Vapours        Pois/Air       22%        N/A       9%          2
 Olgreb's Toxic Radiance  Pois           20%        N/A       22%         4
 Mephitic Cloud           Conj/Pois/Air  8%         N/A       26%         3


Dungeon Overview and Level Annotations

Branches:
Dungeon (3/15)

Altars:


Innate Abilities, Weirdness & Mutations

You cannot wear most types of armour.
You are amphibious.
You can wear up to eight rings at the same time.
Your skin changes colour to match your surroundings (Stealth+).
Your rubbery body absorbs attacks. (AC +1, EV +1)
((You are camouflaged when in or above water. (Stealth+)))
You have tentacles for arms and can constrict up to eight enemies at once.


Message History

Aiming: Sting (safe; 3% risk of failure)
Press: ? - help, Shift-Dir - straight line, f/p - orc priest
Aim: an orc priest, wielding a +0 club and wearing a +0 leather armour (74% to hit)
The sting hits the goblin.
The goblin is poisoned.
You kill the goblin!
Casting: Sting (safe; 3% risk of failure)
Confirm with . or Enter, or press ? or * to list all spells.
Aiming: Sting (safe; 3% risk of failure)
Press: ? - help, Shift-Dir - straight line, f/p - orc priest
Aim: an orc priest, wielding a +0 club and wearing a +0 leather armour (74% to hit)
The sting hits the orc.
The orc is poisoned.
The orc is heavily wounded.
The orc hits you with a +0 flail!
* * * LOW HITPOINT WARNING * * *
Casting: Sting (safe; 3% risk of failure)
Confirm with . or Enter, or press ? or * to list all spells.
Aiming: Sting (safe; 3% risk of failure)
Press: ? - help, Shift-Dir - straight line, f/p - orc priest
Aim: an orc priest, wielding a +0 club and wearing a +0 leather armour (74% to hit)
The sting hits the orc.
The orc looks even sicker.
You kill the orc!
Unknown command.
Casting: Sting (safe; 3% risk of failure)
Confirm with . or Enter, or press ? or * to list all spells.
Aiming: Sting (safe; 3% risk of failure)
Press: ? - help, Shift-Dir - straight line, f/p - orc priest
Aim: an orc priest, wielding a +0 club and wearing a +0 leather armour (74% to hit)
The sting hits the quokka.
The quokka is poisoned.
The quokka is almost dead.
You kill the quokka!
Unknown command.
Casting: Sting (safe; 3% risk of failure)
Confirm with . or Enter, or press ? or * to list all spells.
Aiming: Sting (safe; 3% risk of failure)
Press: ? - help, Shift-Dir - straight line, f/p - orc priest
Aim: an orc priest, wielding a +0 club and wearing a +0 leather armour (74% to hit)
The sting hits the orc priest.
The orc priest is poisoned.
The orc priest is lightly wounded.
The orc priest hits you with a +0 club.
You die...

#.###.#.# #. # #.....#.##
#. #.## #.....#.[# #. #.#.
#........# ##. ###...#
#.....#..## #.. .......##
#.....#..†###.#
........####.....###......
..>....)##................
........o@.###..##........
.#...?.##### #..##........
#...g. #..##........
....r.. #............
....... #####........
....... ##....... .......
......... .......
......... .........


You could see an orc priest (poisoned).

Vanquished Creatures
  An orc wizard (D:3)
  2 adders
  A worm (D:3)
  A dart slug (D:2)
  3 orcs (D:3)
  4 bats
  5 endoplasms
  2 giant cockroaches
  5 hobgoblins
  5 jackals
  A quokka (D:3)
  7 ball pythons
  6 frilled lizards
  8 goblins
  2 kobolds
  4 rats
57 creatures vanquished.

Notes
Turn   | Place    | Note
-------+----------+-------------------------------------------
     0 | D:1      | randomguy2701 the Octopode Venom Mage began the quest for
                  | the Orb.
     0 | D:1      | Reached XP level 1. HP: 11/11 MP: 3/3
   114 | D:1      | Reached XP level 2. HP: 17/17 MP: 0/5
   191 | D:1      | Reached skill level 4 in Poison Magic
   405 | D:1      | Reached XP level 3. HP: 12/21 MP: 1/6
   981 | D:2      | Noticed a phantom
  1269 | D:2      | Reached XP level 4. HP: 17/27 MP: 7/7
  1679 | D:3      | Slain by an orc priest

Illustrated notes

Levels and vault maps discovered:
D:1:      nzn_arrival_crosshair, layout_rooms, minmay_tall_x
D:2:      layout_loops_ring, shapermc_ecumenical_altar_acropolis
D:3:      layout_rooms, nicolae_ru_awakened_eye,
          nicolae_kikubaaqudgha_miasma_corner, mainiacjoe_overflow_alcove_1,
          nicolae_overflow_ecumenical_swirl, gammafunk_temple_overflow_wave,
          serial_curves, eino_curves_01, eino_curves_03, uniq_crazy_yiuf_cottage

Skill      XL: |  1  2  3  4 |
---------------+-------------+-----
Stealth        | 3 |  3.7
Poison Magic   | 4 |  4.7
Transmutations | 2 |  2.5
Fighting       | |  0.1
Dodging        | |  2.0
Unarmed Combat | |  0.2
Spellcasting   | |  2.6

Action                     |  1- 3 |  4- 6 || total
---------------------------+-------+-------++-------
  Melee: Unarmed           |    25 |     1 ||    26
         Constrict         |    10 |     1 ||    11
         Tentacles         |     8 |       ||     8
   Cast: Sting             |    61 |    39 ||   100
 Armour: Skin              |     9 |     1 ||    10
  Dodge: Dodged            |    53 |    16 ||    69

Table legend: (Time is in decaauts)
 A = Elapsed time spent in this place.
 B = Non-inter-level travel time spent in this place.
 C = Inter-level travel time spent in this place.
 D = Time resting spent in this place.
 E = Time spent auto-exploring this place.
 F = Levels seen in this place.
 G = Mean time per level.
                   A        B        C        D        E       F      G
               +--------+--------+--------+--------+--------+-----+--------+
         Total |   1678 |   1656 |     22 |      0 |   1335 |   3 |  559.3 |
       Dungeon |   1678 |   1656 |     22 |      0 |   1335 |   3 |  559.3 |
               +--------+--------+--------+--------+--------+-----+--------+

Top non-repeatable levels by time:
     D:1: 902 daAuts
     D:2: 582 daAuts
     D:3: 192 daAuts
